 Dungeon Crawl Stone Soup version 0.28.0 (webtiles) character file.

Game seed: 14861233101170280857

532 HallandMoats the Skirmisher (level 7, -1/61 HPs)
             Began as a Ghoul Fighter on Feb 8, 2022.
             Was a Priest of Wu Jian.
             Slain by Duvessa (5 damage)
             ... on level 4 of the Dungeon.
             The game lasted 00:04:54 (4230 turns).

HallandMoats the Skirmisher (Ghoul Fighter)         Turns: 4230, Time: 00:04:54

Health: -1/61      AC:  9    Str: 20    XL:     7   Next: 24%
Magic:  8/8        EV: 10    Int:  5    God:    Wu Jian [***...]
Gold:   179        SH:  5    Dex: 14    Spells: 6/6 levels left

rFire   . . .      SeeInvis +   a - +0 trident
rCold   + . .      Faith    .   c - +0 buckler
rNeg    + + +      Spirit   .   b - +0 scale mail
rPois   ∞          Reflect  .   p - +0 helmet
rElec   .          Harm     .   k - +0 cloak
rCorr   .          Rampage  .   (no gloves)
Will    .....                   (no boots)
Stlth   ..........              (no amulet)
HPRegen 0.00/turn               h - +6 ring of dexterity
MPRegen 0.11/turn               q - ring of see invisible

@: inhibited regen, serpent's lash
A: claws 1, cold resistance 1, negative energy resistance 3, inhibited
regeneration, torment resistance 2
a: Renounce Religion, Wall Jump, Serpent's Lash


You were on level 4 of the Dungeon.
You worshipped Wu Jian.
Wu Jian was most pleased with you.
You visited 1 branch of the dungeon, and saw 4 of its levels.

You collected 179 gold pieces.

Inventory:

Hand Weapons
 a - a +0 trident (weapon)
Armour
 b - a +0 scale mail (worn)
 c - a +0 buckler (worn)
 k - a +0 cloak (worn)
 p - a +0 helmet (worn)
Jewellery
 h - a +6 ring of dexterity (left claw)
 q - a ring of see invisible (right claw)
Wands
 o - a wand of flame (48)
Scrolls
 e - a scroll of enchant weapon {unknown}
 i - a scroll of fear {unknown}
 j - a scroll of enchant armour {unknown}
 l - a scroll of teleportation {unknown}
 m - 6 scrolls of identify {unknown}
Potions
 d - a potion of might
 f - a potion of haste {unknown}
 g - a potion of degeneration {unknown}
 n - a potion of brilliance {unknown}
 r - a potion of curing


   Skills:
 * Level 5.1 Fighting
 * Level 3.5 Polearms
 + Level 3.5 Armour
 + Level 1.8 Dodging
 + Level 3.4 Shields
 * Level 3.5 Invocations


You had 6 spell levels left.
You didn't know any spells.
Your spell library contained the following spells:

 Spells                   Type           Power      Damage    Failure   Level
 Freeze                   Ice            0%         1d3       89%         1
 Magic Dart               Conj           0%         1d3       89%         1
 Call Imp                 Summ           0%         N/A       96%         2
 Frozen Ramparts          Ice            0%         1d2       99%         3
 Mephitic Cloud           Conj/Pois/Air  0%         N/A       99%         3
 Hailstorm                Conj/Ice       0%         3d3       100%        4


Dungeon Overview and Level Annotations

Branches:
Dungeon (4/15)
 Temple: D:4-7

Altars:
Makhleb
Wu Jian

Annotations:
D:4 Dowan, Duvessa


Innate Abilities, Weirdness & Mutations

You thrive by killing the living.
You are immune to poison.
You have sharp fingernails.
Your flesh is cold resistant. (rC+)
You are immune to negative energy. (rN+++)
You do not regenerate when monsters are visible.
You are immune to unholy pain and torment.


Message History

Duvessa is moderately wounded.
Duvessa hits you with a +0 rapier.
You hit Duvessa.
Duvessa is moderately wounded.
Duvessa hits you with a +0 rapier!
* * * LOW HITPOINT WARNING * * *
Dowan smirks and points a slender finger.
You hit Duvessa.
Duvessa is moderately wounded.
You block Duvessa's attack.
You hit Duvessa.
Duvessa is heavily wounded.
Duvessa closely misses you. You block Duvessa's attack.
You hit Duvessa.
Duvessa is heavily wounded.
Duvessa hits you with a +0 rapier.
* * * LOW HITPOINT WARNING * * *
You barely miss Duvessa.
Duvessa is heavily wounded.
Duvessa hits you but does no damage.
You hit Duvessa but do no damage.
Duvessa is heavily wounded.
Dowan says, "Stay away from my face!"
You block Duvessa's attack.
You barely miss Duvessa.
Duvessa is heavily wounded.
Duvessa hits you but does no damage.
You barely miss Duvessa.
Duvessa is heavily wounded.
Duvessa hits you with a +0 rapier!
* * * LOW HITPOINT WARNING * * *
You barely miss Duvessa.
Duvessa is heavily wounded.
Duvessa hits you with a +0 rapier.
* * * LOW HITPOINT WARNING * * *
Duvessa closely misses you.
You closely miss Duvessa.
Duvessa is heavily wounded.
Duvessa hits you with a +0 rapier.
You die...

##.......##
#....(....#
+.........+
#.........#
#.......#
##.....##
##.e.##
##e## #@#
#.# #.# ...
... #...#
.#.## ....


You could see Duvessa and Dowan.

Vanquished Creatures
  A black bear (D:2)
  An orc priest (D:3)
  3 hounds (D:4)
  An iguana (D:4)
  Natasha (thrice) (D:3)
  An orc wizard (D:3)
  Robin (D:2)
  3 adders
  6 gnolls (D:2)
  A dart slug (D:3)
  5 orcs
  6 bats
  8 endoplasms
  7 giant cockroaches
  15 goblins
  11 hobgoblins
  3 jackals (D:1)
  6 quokkas
  4 ball pythons
  3 frilled lizards (D:1)
  3 kobolds
  6 rats
98 creatures vanquished.

Notes
Turn   | Place    | Note
-------+----------+-------------------------------------------
     0 | D:1      | HallandMoats the Ghoul Fighter began the quest for the Orb.
     0 | D:1      | Reached XP level 1. HP: 19/19 MP: 0/0
   154 | D:1      | Reached XP level 2. HP: 24/26 MP: 1/1
   477 | D:1      | Reached XP level 3. HP: 30/31 MP: 2/2
   489 | D:1      | Reached skill level 1 in Invocations
   860 | D:1      | Found a faded altar of an unknown god.
   948 | D:1      | Prayed at the altar of an unknown god.
   948 | D:1      | Became a worshipper of the Wu Jian Council
   948 | D:1      | Reached * piety under Wu Jian
  1011 | D:2      | Reached XP level 4. HP: 16/40 MP: 4/4
  1705 | D:2      | You fall into a shaft and drop 1 floor!
  1705 | D:3      | Noticed a black bear
  1831 | D:2      | Reached skill level 4 in Fighting
  1831 | D:2      | Reached skill level 1 in Dodging
  1835 | D:2      | Reached ** piety under Wu Jian
  1910 | D:3      | Reached XP level 5. HP: 46/46 MP: 5/5
  1914 | D:3      | Noticed Robin
  2240 | D:2      | Killed Robin
  2456 | D:3      | Noticed Natasha
  2887 | D:2      | Killed a black bear
  2888 | D:2      | Reached XP level 6. HP: 29/53 MP: 5/7
  3039 | D:3      | Killed Natasha
  3048 | D:3      | Noticed Natasha
  3062 | D:3      | Killed Natasha
  3326 | D:3      | Noticed Natasha
  3336 | D:3      | Killed Natasha
  3618 | D:3      | Reached *** piety under Wu Jian
  3909 | D:4      | Reached XP level 7. HP: 54/60 MP: 8/8
  3955 | D:4      | Found a burning altar of Makhleb.
  4038 | D:4      | Reached skill level 5 in Fighting
  4200 | D:4      | Noticed Duvessa
  4200 | D:4      | Noticed Dowan
  4230 | D:4      | Slain by Duvessa

Illustrated notes

Levels and vault maps discovered:
D:1:      dpeg_arrival_water_temple_mockup, layout_loops_ring,
          shapermc_ecumenical_altar_mp_vishouse
D:2:      layout_rooms
D:3:      layout_rooms, uniq_natasha, uniq_robin
D:4:      layout_loops_corners, serial_shops, shop, kennysheep_diamond,
          uniq_duvessa

Skill      XL: |  1  2  3  4  5  6  7 |
---------------+----------------------+-----
Polearms       | 2 3 |  3.5
Invocations    | 1 2 3 |  3.5
Armour         | 3 |  3.5
Shields        | 3 |  3.4
Fighting       | 4 5 |  5.1
Dodging        | 1 |  1.8

Action                   |  1- 3 |  4- 6 |  7- 9 || total
-------------------------+-------+-------+-------++-------
Melee: Trident           |   126 |   221 |    58 ||   405
Invok: Lunge             |     1 |     1 |       ||     2
       Whirlwind         |       |     2 |       ||     2
       Serpent's Lash    |       |       |     1 ||     1
Armor: Scale mail        |    44 |   129 |    23 ||   196
Dodge: Dodged            |    57 |   138 |    21 ||   216
Block: Buckler           |    27 |    81 |    10 ||   118
